 Dungeon Crawl Stone Soup version 0.28.0-45-g0d030f2227 (webtiles) character file.

Game seed: 11576938220224511460

11 Icepheonix32 the Caller (level 2, 0/19 HPs)
             Began as a Merfolk Summoner on Apr 12, 2022.
             Frozen to death by an endoplasm (5 damage)
             ... on level 1 of the Dungeon.
             The game lasted 00:00:40 (818 turns).

Icepheonix32 the Caller (Merfolk Summoner)           Turns: 818, Time: 00:00:41

Health: 0/19       AC:  2    Str:  8    XL:     2   Next: 25%
Magic:  4/5        EV: 12    Int: 14    God:
Gold:   22         SH:  0    Dex: 14    Spells: 4/5 levels left

rFire   . . .      SeeInvis .   c - +0 spear
rCold   . . .      Faith    .   (no shield)
rNeg    . . .      Spirit   .   a - +0 robe
rPois   .          Reflect  .   (no helmet)
rElec   .          Harm     .   (no cloak)
rCorr   .          Rampage  .   (no gloves)
Will    .....                   (no boots)
Stlth   ++........              (no amulet)
HPRegen 0.06/turn               (no ring)
MPRegen 0.09/turn               (no ring)

@: no status effects
A: (nimble swimmer 2), mertail
a: no special abilities


You were on level 1 of the Dungeon.
You visited 1 branch of the dungeon, and saw 1 of its levels.

You collected 22 gold pieces.

Inventory:

Hand Weapons
 c - a +0 spear (weapon)
Armour
 a - a +0 robe (worn)
Scrolls
 d - a scroll of teleportation {unknown}
Potions
 b - a potion of ambrosia {unknown}
 e - a potion of heal wounds {unknown}


   Skills:
 + Level 2.7 Dodging
 + Level 2.4 Stealth
 + Level 0.2 Unarmed Combat
 + Level 2.0 Spellcasting
 * Level 4.3 Summonings


You had 4 spell levels left.
You knew the following spells:

 Your Spells              Type           Power      Damage    Failure   Level
a - Summon Small Mammal   Summ           52%        N/A       4%          1

Your spell library contained the following spells:

 Spells                   Type           Power      Damage    Failure   Level
 Call Imp                 Summ           13%        N/A       6%          2
 Call Canine Familiar     Summ           13%        N/A       12%         3
 Summon Guardian Golem    Hex/Summ       7%         N/A       28%         3
 Summon Lightning Spire   Summ/Air       7%         N/A       67%         4


Dungeon Overview and Level Annotations

Branches:
Dungeon (1/15)

Altars:


Innate Abilities, Weirdness & Mutations

((You are very nimble when in or above water. (Stealth+, EV+, Speed+++)))
Your lower body shifts to a powerful aquatic tail in water.


Message History

The endoplasm barely misses you. The hobgoblin barely misses you.
Your quokka closely misses the bat.
You closely miss the hobgoblin.
The hobgoblin is moderately wounded.
The bat hits your quokka but does no damage.
Your bat hits the endoplasm. The endoplasm hits you.
The hobgoblin barely misses you.
Unknown command.
You barely miss the hobgoblin.
The hobgoblin is moderately wounded.
Your bat closely misses the hobgoblin.
Your quokka closely misses the bat.
The endoplasm freezes you.
You are frozen.
The hobgoblin barely misses you. The bat hits you.
Your bat hits the hobgoblin.
Unknown command.
You hit the hobgoblin but do no damage.
The hobgoblin is heavily wounded.
The bat hits you but does no damage.
Your bat hits the hobgoblin but does no damage.
Your quokka closely misses the bat.
The endoplasm completely misses you. The hobgoblin hits you.
Your quokka closely misses the bat.
Unknown command.
You are too injured to fight recklessly!
Unknown command.
You are too injured to fight recklessly!
Unknown command.
You are too injured to fight recklessly!
Unknown command.
You are too injured to fight recklessly!
You closely miss the hobgoblin.
The hobgoblin is heavily wounded.
The bat closely misses you.
Your bat hits the endoplasm. The bat hits you. The endoplasm hits you.
* * * LOW HITPOINT WARNING * * *
The hobgoblin completely misses you.
Your quokka barely misses the bat.
Unknown command.
The bat closely misses you.
Your quokka closely misses the bat.
The endoplasm freezes you.
You are frozen.
You die...

#.. ........####.#.........
##...#........##.#.........
...#.......>.............
.. #........##.#.........
.........>...........
........##.#.........
.......?##.#.........
........##.#........
.....r.@##.#........
......gJ##.#........
####.#b.##.#......##
....b....#...####
.......... ...........
............ .............
.............#


You could see an endoplasm, a hobgoblin (ally target), a bat (ally target), a
friendly quokka (summoned) and a friendly bat (summoned).

Vanquished Creatures
  3 dart slugs (D:1)
  A ball python (D:1)
4 creatures vanquished.

Vanquished Creatures (collateral kills)
  An endoplasm (D:1)
  A ball python (D:1)
2 creatures vanquished.

Grand Total: 6 creatures vanquished

Notes
Turn   | Place    | Note
-------+----------+-------------------------------------------
     0 | D:1      | Icepheonix32 the Merfolk Summoner began the quest for the
                  | Orb.
     0 | D:1      | Reached XP level 1. HP: 13/13 MP: 3/3
   415 | D:1      | Reached XP level 2. HP: 2/19 MP: 1/5
   818 | D:1      | Frozen to death by an endoplasm

Illustrated notes

Levels and vault maps discovered:
D:1:      evilmike_arrival_crescent, layout_rooms, minmay_pentomino_u4

Action                   || total
-------------------------++-------
Melee: Unarmed           ||    18
       Spear             ||    12
       Punch             ||     1
 Cast: Summon Small Mamm ||    14
Armor: Robe              ||     3
Dodge: Dodged            ||    19
